n, neutral female scurrid Tourist --------------.---------- |.................Y.....| |.[...........@G.......B| ------------------------- n the Rambler Experience level: 1 Strength: 11 Dexterity: 10 Constitution: 14 Intelligence: 10 Wisdom: 10 Charisma: 20 Health: 0(9) Energy: 2(2) Def: 0 Gold: 436 Moves: 117 Dungeon seed: ly8AswH17_VXYJp_ Game ID: n_1528521800 Your Inventory: Coins $ - 436 gold pieces Weapons a - 38 uncursed +2 darts (in quiver) Armor e - an uncursed +0 Hawaiian shirt (being worn) Comestibles b - 9 uncursed food rations c - an uncursed tripe ration d - an uncursed chestnut f - an uncursed egg Scrolls h - 4 uncursed scrolls of magic mapping Potions g - an uncursed potion of extra healing Wands k - an uncursed wand of secret door detection (0:12) Tools i - an uncursed expensive camera (0:93) j - an uncursed credit card l - an uncursed oil lamp (0:1473) Spells and supernatural/magical abilities: Name Level Category Fail Memory W - pray for help -- divine ? -- Your skills at the end: Miscellaneous Skills wands [Basic] Weapon Skills dart [Basic] Spellcasting Skills Final Attributes: You were devoutly aligned. Your writing paw was ok. You had infravision. You were very stealthy. You are dead. Vanquished creatures: a dwarf Voluntary challenges: You went without food. You did not adorn yourself with jewelry or accessories. You did not cause conflict. You were not invisible. You did not have reflection. You were not displaced. You were an atheist. You never hit with a wielded weapon. You did not use tools. You did not use plumbed fixtures. You read items or engraved 1 time, starting on turn 37. You never genocided any monsters. You never polymorphed an object. You never changed form. You used no wishes. You never split a pudding. You wrote Elbereth's name 1 time, starting on turn 37. You never violated your personal moral code. Dungeon overview: The Dungeons of Doom: levels 1 to 17 Level 1 a long staircase Level 2 Level 3 Level 4 a fountain Level 5 Level 6 Level 7 Level 8 Level 9 Level 10 Level 11 a fountain Level 12 Level 13 many fountains Level 14 Level 15 Level 16 an altar to The Lady Level 17 <- You were here History has recorded: On T:1 you entered the Dungeons of Doom to retrieve the Amulet of Yendor! On T:9 you reached level 2 of The Dungeons of Doom. On T:15 you reached level 3 of The Dungeons of Doom. On T:21 you reached level 4 of The Dungeons of Doom. On T:27 you reached level 5 of The Dungeons of Doom. On T:33 you reached level 6 of The Dungeons of Doom. On T:40 you reached level 7 of The Dungeons of Doom. On T:46 you reached level 8 of The Dungeons of Doom. On T:52 you reached level 9 of The Dungeons of Doom. On T:73 you reached level 11 of The Dungeons of Doom. On T:79 you reached level 12 of The Dungeons of Doom. On T:86 you reached level 13 of The Dungeons of Doom. On T:91 you reached level 14 of The Dungeons of Doom. On T:103 you reached level 15 of The Dungeons of Doom. On T:109 you reached level 16 of The Dungeons of Doom. On T:117 you reached level 17 of The Dungeons of Doom. On T:117 you entered the Rogue tribute level. Score breakdown: Gold: 29 ( 2 points) Experience: 1 level ( 0 points) Exploration: 17 levels ( 480 points) Discoveries: 1 item ( 50 points) Variety of kills: 1 monster ( 50 points) Major goal: (nothing yet) ( 0 points) Survival: died (score multiplied by 3) Total score: 1746 Latest messages: You start digging downward. You continue digging downward. You dig a pit in the ground. You continue digging downward. (6x) You dig a hole through the ground. You fall through... You start digging downward. You continue digging downward. You dig a pit in the floor. You continue digging downward. (6x) You dig a hole through the floor. You fall through... You start digging downward. You continue digging downward. You dig a pit in the floor. You continue digging downward. (7x) You dig a hole through the floor. You fall through... You enter what seems to be an older, more primitive world. The gnomish wizard casts a spell at you! Your head suddenly aches painfully! You die... Final status: Aloha n the Tourist, killed by a gnomish wizard... You died in The Dungeons of Doom on dungeon level 17 with 1746 points, and 436 pieces of gold, after 117 moves. You were level 1 with a maximum of 9 hit points when you died.